 Dungeon Crawl Stone Soup version 0.18.1-5-g4a78601 (webtiles) character file.

142 Ijustatesigmund the Chopper (level 5, -2/47 HPs)
             Began as a Minotaur Berserker on May 11, 2016.
             Was a Believer of Trog.
             Slain by a worm (10 damage)
             ... on level 3 of the Dungeon.
             The game lasted 00:04:46 (1774 turns).

Ijustatesigmund the Chopper (Minotaur Berserker)    Turns: 1774, Time: 00:04:47

Health: -2/47      AC:  7    Str: 22    XL:     5   Next: 4%
Magic:  4/4        EV: 11    Int:  4    God:    Trog [**....]
Gold:   160        SH:  0    Dex: 10    Spells: 0 memorised, 4 levels left

rFire  + . .     SeeInvis .     a - +0 hand axe
rCold  . . .     Gourm    .     j - +0 ring mail
rNeg   . . .     Faith    .     (no shield)
rPois  .         Spirit   .     (helmet restricted)
rElec  .         Dismiss  .     (no cloak)
rCorr  +         Reflect  .     (no gloves)
SustAt .         Harm     .     k - +1 pair of boots
MR     .....                    (no amulet)
Stlth  ..........               o - ring of protection from fire
                                l - ring of resist corrosion

@: hasted, very quick, not resistant to hostile enchantments, extremely
unstealthy
A: retaliatory headbutt, horns 2
a: Berserk, Trog's Hand, Burn Spellbooks, Renounce Religion


You were on level 3 of the Dungeon.
You worshipped Trog.
Trog was pleased with you.
You were hungry.

You visited 1 branch of the dungeon, and saw 3 of its levels.

You collected 160 gold pieces.

Inventory:

Hand Weapons
 a - a +0 hand axe (weapon)
Armour
 j - a +0 ring mail (worn)
 k - a +1 pair of boots (worn)
Jewellery
 l - a ring of resist corrosion (left hand)
 o - a ring of protection from fire (right hand)
Wands
 f - a wand of digging (18/24)
 q - a wand of polymorph (16/24)
Scrolls
 n - 2 scrolls of recharging
 p - a scroll of identify
 s - a scroll of fog
Potions
 b - a potion of magic
 d - 2 potions of agility
 e - a potion of lignification {unknown}
 h - a potion of brilliance {unknown}
 i - a potion of berserk rage {unknown}
 m - a potion of haste
Comestibles
 c - 2 bread rations
 g - a meat ration


   Skills:
 + Level 4.7 Fighting
 * Level 6.2 Axes
 - Level 2.4 Armour
 - Level 2.1 Dodging


You had 4 spell levels left.
You didn't know any spells.

Dungeon Overview and Level Annotations

Branches:
Dungeon (3/15)

Altars:
Elyvilon
Gozag
Pakellas


Innate Abilities, Weirdness & Mutations

You reflexively headbutt those who attack you in melee.
You have a pair of horns on your head.


Message History

You are too injured to fight recklessly!
You are too injured to fight recklessly!
You are too injured to fight recklessly!
Your unstable footing causes you to fumble your attack.
You completely miss the worm.
The worm is severely wounded.
The worm bites you.
* * * LOW HITPOINT WARNING * * *
You hit the worm.
The worm is severely wounded.
The worm bites you but does no damage.
Your unstable footing causes you to fumble your attack.
You barely miss the worm. Your headbutt misses the worm.
The worm is severely wounded.
The worm bites you.
* * * LOW HITPOINT WARNING * * *
Your unstable footing causes you to fumble your attack.
Drink which item? (? for menu, Esc to quit)
It was a potion of haste.
You feel yourself speed up. The worm bites you!
You die...

### ######
#≈≈≈#≈≈≈.#
#≈.≈#≈...#
#≈≈≈w†≈≈.##
#+###@....#
#≈≈≈≈≈≈...#
#≈..≈≈....#
#.≈.....†.########
#.......††.......#
#####.####.......#
#.# #..%....#####
#.. +...........
## ##.........#


You could see a worm.

Vanquished Creatures
  Ijyb (D:2)
  5 adders
  2 oozes
  4 worms
  2 dart slugs (D:2)
  4 orcs (D:3)
  2 ball pythons
  3 giant cockroaches
  4 hobgoblins
  8 bats
  A giant newt (D:2)
  A goblin (D:3)
  4 kobolds
  10 rats
51 creatures vanquished.

Notes
Turn   | Place    | Note
--------------------------------------------------------------
     0 | D:1      | Ijustatesigmund the Minotaur Berserker began the quest for the Orb.
     0 | D:1      | Reached XP level 1. HP: 19/19 MP: 0/0
   155 | D:1      | Reached skill level 4 in Axes
   185 | D:1      | Reached XP level 2. HP: 24/27 MP: 1/1
   460 | D:2      | Found a white marble altar of Elyvilon.
   532 | D:2      | Reached XP level 3. HP: 30/33 MP: 2/2
   551 | D:2      | Reached ** piety under Trog
   551 | D:2      | Reached skill level 5 in Axes
   612 | D:2      | Found a faded altar to an unknown god.
   870 | D:2      | Found an oddly glowing altar of Pakellas.
  1023 | D:2      | Noticed Ijyb
  1034 | D:2      | Killed Ijyb
  1034 | D:2      | Reached XP level 4. HP: 41/41 MP: 3/3
  1270 | D:3      | Found an opulent altar of Gozag.
  1408 | D:3      | Reached skill level 6 in Axes
  1740 | D:3      | Reached XP level 5. HP: 44/47 MP: 4/4
  1774 | D:3      | Slain by a worm

Skill      XL: |  1  2  3  4 |
---------------+-------------+-----
Axes           | 4 5 6 |  6.2
Fighting       | 4 |  4.7
Armour         | |  2.4
Dodging        | |  2.1

Action                   |  1- 3 |  4- 6 || total
-------------------------+-------+-------++-------
Melee: Hand axe          |    80 |    65 ||   145
       Headbutt          |    13 |    13 ||    26
  Use: Scroll            |     5 |     2 ||     7
       Potion            |       |     1 ||     1
  Eat: Chunk             |       |     2 ||     2
Armor: Animal skin       |     5 |       ||     5
       Ring mail         |    12 |    28 ||    40
Dodge: Dodged            |    48 |    19 ||    67
